AoeStats
← Flangosta

African Clearing

506566222Analyzed
4v4 RM · 17d ago on Sep 14, 2026· 62m 3s· 8 players
Game mode
Random Map
Map size
Large (8 player)
Population
200
Speed
Normal
Resources
Standard
Victory
Conquest
Starting age
Dark Age
Ending age
Imperial Age
RankedLock teamsTeams togetherTeam positionsShared explorationLock speedFull tech treeHidden civsTurbo modeCheats
Victory
Defeat
🇦🇷 Burgundians · Argentina
1314
+12
🇦🇷 Persians · Argentina
1217
+16
🇦🇷 Romans · Argentina
1081
+21
🇦🇷 Vietnamese · Argentina
1070
+22
🇦🇷 Saracens · Argentina
1340
-23
🇦🇷 Mongols · Argentina
1293
-21
🇦🇷 Huns · Argentina
1272
-20
🇦🇷 Byzantines · Argentina
931
-7
ValkriaN
5:01 Loom
12:21 Double-Bit Axe
15:29 Feudal Age
14:37 Fishing Lines
20:14 Castle Age
18:06 Horse Collar
18:37 Gold Mining
19:40 Bow Saw
21:38 Husbandry
28:46 Wheelbarrow
30:01 Gold Shaft Mining
29:24 Gillnets
29:42 Heavy Plow
30:24 Hand Cart
34:38 Imperial Age
32:50 Forging
32:46 Scale Barding Armor
32:18 Cavalier
34:39 Iron Casting
35:32 Two-Man Saw
35:55 Chain Barding Armor
35:56 Paladin
37:54 Plate Barding Armor
38:20 Blast Furnace
39:27 Fletching
44:29 Conscription
45:44 Light Cavalry
46:50 Hussar
52:07 Burgundian Vineyards
52:27 Town Watch
53:45 Chemistry
53:06 Ballistics
52:26 Treadmill Crane
53:13 Ballistics
52:52 Bodkin Arrow
52:57 Padded Archer Armor
56:01 Stone Mining
58:03 Elite Coustillier
60:13 Leather Archer Armor
|WolkF|
10:55 Loom
12:48 Feudal Age
18:46 Castle Age
18:19 Bloodlines
18:57 Scale Barding Armor
20:55 Horse Collar
23:20 Forging
24:30 Husbandry
30:05 Fletching
30:53 Elite Skirmisher
35:04 Gold Mining
35:05 Stone Mining
36:20 Chain Barding Armor
36:48 Double-Bit Axe
40:59 Iron Casting
43:46 Bow Saw
44:17 Wheelbarrow
45:42 Hand Cart
46:07 Bodkin Arrow
46:12 Padded Archer Armor
48:28 Leather Archer Armor
51:06 Imperial Age
49:35 Ballistics
51:41 Imperial Skirmisher
51:44 Cavalier
53:55 Ring Archer Armor
54:01 Plate Barding Armor
59:14 Two-Man Saw
60:12 Chemistry
60:14 Blast Furnace
58:37 Savar
62:53 Gold Shaft Mining
62:08 Stone Mining
Flangosta
13:14 Feudal Age
14:19 Double-Bit Axe
19:02 Castle Age
24:27 Loom
27:23 Padded Archer Armor
27:52 Elite Skirmisher
30:41 Leather Archer Armor
32:49 Horse Collar
33:50 Town Watch
34:41 Wheelbarrow
33:59 Fletching
35:15 Bow Saw
35:44 Hand Cart
38:56 Imperial Age
37:54 Bodkin Arrow
39:10 Town Patrol
39:03 Gold Mining
39:03 Stone Mining
39:44 Imperial Skirmisher
40:30 Thumb Ring
41:02 Elite Fire Lancer
43:34 Paper Money
43:26 Squires
43:39 Bracer
44:09 Ring Archer Armor
43:43 Scale Mail Armor
46:54 Chain Mail Armor
49:00 Plate Mail Armor
48:41 Forging
51:33 Two-Man Saw
61:16 Iron Casting
stDifious
4:22 Loom
11:45 Feudal Age
12:23 Man-at-Arms
14:45 Forging
14:36 Scale Mail Armor
22:11 Castle Age
21:13 Double-Bit Axe
28:07 Elite Skirmisher
30:18 Pikeman
41:49 Town Watch
42:39 Wheelbarrow
42:51 Bow Saw
45:17 Gold Mining
47:53 Fletching
48:05 Padded Archer Armor
52:30 Imperial Age
52:39 Heavy Scorpion
53:35 Imperial Skirmisher
56:33 Halberdier
57:14 Squires
58:11 Iron Casting
57:51 Chain Mail Armor
59:07 Ballistics
59:47 Chemistry
60:57 Bodkin Arrow
62:03 Blast Furnace
Pepe :)
3:38 Loom
12:23 Feudal Age
16:40 Castle Age
14:58 Double-Bit Axe
19:42 Bow Saw
20:33 Fletching
20:35 Horse Collar
24:18 Bodkin Arrow
26:43 Padded Archer Armor
30:09 Ballistics
30:29 Leather Archer Armor
30:18 Gold Mining
30:24 Town Watch
31:15 Wheelbarrow
35:13 Imperial Age
33:40 Hand Cart
34:27 Gold Shaft Mining
34:53 Thumb Ring
35:31 Husbandry
36:19 Bloodlines
37:29 Bracer
37:45 Elite Mangudai
39:33 Chemistry
39:00 Parthian Tactics
39:32 Conscription
39:14 Capped Ram
40:01 Squires
43:12 Masonry
46:57 Scale Barding Armor
47:03 Forging
48:05 Light Cavalry
51:37 Chain Barding Armor
51:53 Iron Casting
51:26 Hussar
Joelrp
11:43 Loom
16:22 Feudal Age
18:33 Double-Bit Axe
20:36 Horse Collar
25:37 Castle Age
24:38 Gold Mining
25:16 Fletching
25:28 Padded Archer Armor
27:03 Bodkin Arrow
27:23 Leather Archer Armor
27:51 Bow Saw
29:28 Heavy Plow
29:04 Crossbowman
29:18 Elite Skirmisher
34:13 Ballistics
34:45 Thumb Ring
40:31 Imperial Age
37:47 Pikeman
39:15 Scale Mail Armor
39:26 Forging
39:41 Pikeman
40:47 Chain Mail Armor
40:39 Arbalester
41:09 Arbalester
Ipower
4:43 Loom
13:53 Feudal Age
17:34 Castle Age
18:18 Double-Bit Axe
29:29 Town Watch
31:02 Crossbowman
35:43 Wheelbarrow
35:27 Gold Mining
35:46 Fletching
39:18 Bodkin Arrow
39:23 Horse Collar
42:34 Forging
58:56 Bow Saw
Atilafiorito
10:31 Loom
12:16 Feudal Age
14:38 Double-Bit Axe
16:57 Castle Age
17:10 Gold Mining
17:12 Fletching
21:12 Bodkin Arrow
24:30 Husbandry
26:06 Bloodlines
27:31 Ballistics
30:51 Horse Collar
31:22 Bow Saw
34:41 Wheelbarrow
37:37 Imperial Age
36:35 Padded Archer Armor
37:06 Hand Cart
38:22 Bracer
39:23 Chemistry
38:49 Heavy Cavalry Archer
39:52 Thumb Ring
40:12 Parthian Tactics
40:30 Pikeman
41:11 Squires
41:13 Scale Mail Armor
42:27 Halberdier
43:58 Chain Mail Armor
44:44 Two-Man Saw
44:55 Town Watch
44:50 Light Cavalry
45:36 Scale Barding Armor
46:49 Chain Barding Armor
47:27 Heavy Plow
48:16 Plate Barding Armor
47:07 Hussar
53:58 Forging
55:37 Iron Casting
Connection lost

Rejoining the realm…

Still unreachable

The connection could not be restored.

Session expired

The server has moved on; the page needs a fresh start.